 Dungeon Crawl Stone Soup version 0.30.1-11-g7821555f0a (webtiles) character file.

Game seed: 4738248509618295712

11312 Chiseanne the Fighter (level 11, -8/90 HPs)
             Began as a Demonspawn Wanderer on Nov 25, 2023.
             Was a Priest of Makhleb.
             Mangled by a skeletal warrior
             ... wielding a +0 trident
              (15 damage)
             ... on level 10 of the Dungeon.
             The game lasted 00:19:02 (8201 turns).

Chiseanne the Fighter (Demonspawn Wanderer)         Turns: 8201, Time: 00:19:02

Health: -8/90      AC: 14    Str: 16    XL:     11   Next: 47%
Magic:  14/14      EV: 15    Int: 15    God:    Makhleb [***...]
Gold:   480        SH:  4    Dex: 18    Spells: 14/14 levels left

rFire   . . .        a - +8 broad axe (flame)
rCold   . . .        (no shield)
rNeg    . . .        g - +1 ring mail
rPois   .            b - +2 helmet
rElec   .            (no cloak)
rCorr   .            (no gloves)
SInv    .            (no boots)
Will    .....        (no amulet)
Stlth   +            j - +6 ring of dexterity
HPRegen 0.35/turn    (no ring)
MPRegen 0.14/turn

%: no passive effects
@: no status effects
A: thin metallic scales 2, powered by death 2, condensation shield, weakness
stinger 1
a: Renounce Religion, Minor Destruction, Lesser Servant of Makhleb


You were on level 10 of the Dungeon.
You worshipped Makhleb.
Makhleb was most pleased with you.
You visited 2 branches of the dungeon, and saw 11 of its levels.

You collected 648 gold pieces.
You spent 168 gold pieces at shops.

Inventory:

Hand Weapons
 a - a +8 broad axe of flaming (weapon)
 w - a -2 demon whip of venom
Missiles
 e - 2 curare-tipped darts (quivered)
 h - 18 poisoned darts
 i - 64 stones
 m - 4 atropa-tipped darts
 r - 8 boomerangs
 x - a javelin
 z - a throwing net
Armour
 b - a +2 helmet (worn)
 g - a +1 ring mail (worn)
 o - an orb of energy
 y - an orb of energy
Jewellery
 j - a +6 ring of dexterity (left hand)
 p - a ring of fire
 s - a ring of ice
Wands
 d - a wand of flame (10)
 u - a wand of iceblast (10)
Scrolls
 c - a scroll of identify
 A - a scroll of magic mapping
Potions
 k - 3 potions of flight
 n - 7 potions of curing
 t - a potion of cancellation {unknown}


   Skills:
 * Level 10.0 Fighting
 * Level 8.6 Axes
 * Level 7.9 Armour
 * Level 7.9 Dodging
 - Level 2.0 Spellcasting
 - Level 3.0 Conjurations
 - Level 1.0 Summonings
 - Level 1.2 Invocations
 - Level 2.0 Evocations


You had 14 spell levels left.
You didn't know any spells.
Your spell library contained the following spells:

 Spells                   Type           Power      Damage    Failure   Level
 Foxfire                  Conj/Fire      24%        2x1d5     21%         1
 Kiss of Death            Conj/Necr      24%        2d7       21%         1
 Summon Small Mammal      Summ           16%        N/A       26%         1
 Freeze                   Ice            4%         1d3       36%         1
 Slow                     Hex            4%         N/A       36%         1
 Hailstorm                Conj/Ice       6%         3d4       52%         3
 Summon Guardian Golem    Hex/Summ       3%         N/A       67%         3
 Confusing Touch          Hex            1%         N/A       75%         3
 Frozen Ramparts          Ice            2%         1d1       75%         3
 Vampiric Draining        Necr           1%         2d6       75%         3
 Iskenderun's Mystic Bla  Conj/Tloc      6%         2d4       90%         4


Dungeon Overview and Level Annotations

Branches:
Dungeon (10/15)            Temple (1/1) D:5            Lair (0/5) D:9
    Orc: D:9-12

Altars:
Ashenzari
Cheibriados
Dithmenos
Fedhas
Gozag
Hepliaklqana
Kikubaaqudgha
Makhleb
Nemelex Xobeh
Okawaru
Qazlal
Ru
Sif Muna
Trog
Uskayaw
Vehumet
Wu Jian
Xom

Shops:
D:4 !   D:7 [!

Annotations:
D:2 1 runed translucent door, Crazy Yiuf
D:8 exclusion: downstairs
D:9 exclusion: ice statue


Innate Abilities, Weirdness & Mutations

You are mostly covered in thin metallic scales. (AC +3)
You regenerate health from kills.
A meltable shield of frost defends you. (SH +4)
You have a small tail.


Message History

a +0 shortbow; a centaur corpse The cyclops throws a large rock.
The large rock hits you!!!
* * * LOW HITPOINT WARNING * * *
You see here a howler monkey corpse.
A wraith and an orc knight come into view.
The orc knight shouts!
You hear a shout!
The orc knight unwields a +0 broad axe.
The orc knight wields a +0 arbalest.
The orc knight shoots a bolt.
The bolt closely misses you.
As you read the scroll of teleportation, it crumbles to dust.
You feel strangely unstable.
You hit the cyclops. You burn the cyclops.
The cyclops is lightly wounded.
A meliai comes into view. It is wielding a +0 war axe.
The cyclops barely misses you.
The orc knight roars a battlecry!
The meliai moves out of view.
You hear a shout! x2
You slash the cyclops! You burn the cyclops.
You tail-slap the cyclops, but do no damage.
The cyclops is heavily wounded.
The cyclops barely misses you.
You hit the cyclops. You burn the cyclops.
The cyclops is heavily wounded.
Your surroundings suddenly seem different.
A skeletal warrior comes into view. It is wielding a +0 trident.
Okay, then.
You open the door.
The skeletal warrior hits you from afar with a +0 trident!
* * * LOW HITPOINT WARNING * * *
There is an open door here.
The skeletal warrior hits you with a +0 trident.
* * * LOW HITPOINT WARNING * * *
You slash the skeletal warrior! You burn the skeletal warrior.
The skeletal warrior is moderately damaged.
The skeletal warrior hits you with a +0 trident!
* * * LOW HITPOINT WARNING * * *
You slash the skeletal warrior! You burn the skeletal warrior.
The skeletal warrior is heavily damaged.
The skeletal warrior hits you with a +0 trident!
You die...

#.####### #.# P..♣♣.# .
... .....♣#.#. ###
.P..P♣#.#'#
.♣..♣P#....##
♣⌠♣.........## ##
.♣..P.#......## #.##
♣P..P.#.......####...##
...†.P#.......'z@.....#
♣.....#.......##.....##
#†#####......##.....##
............##.......#
#.######...##.........#
#.# ##'###...........
..# #. #.........###
### #. ##.......## #.


You could see a skeletal warrior.

Vanquished Creatures
  Erolcha (D:9)
  An ice dragon (D:10)
  2 two-headed ogres
  A centaur warrior (D:10)
  A boulder beetle (D:9)
  Amaemon (D:8)
  Pikel (D:7)
  An ugly thing (D:10)
  Joseph (D:7)
  A smoke demon (D:9)
  An orange demon (D:8)
  An unseen horror (D:10)
  A komodo dragon (D:9)
  A troll (D:10)
  A ynoxinul (D:9)
  2 shadows (D:10)
  5 yaks
  A steam dragon (D:8)
  A water moccasin (D:7)
  2 orc warriors
  4 sky beasts (D:7)
  2 black bears
  2 ice beasts (D:6)
  3 centaurs
  2 ogres
  2 phantoms (D:7)
  A kobold brigand (D:10)
  A lemure (D:7)
  5 bullfrogs
  A gnoll sergeant (D:9)
  A scorpion (D:6)
  7 wights
  A killer bee (D:10)
  3 howler monkeys
  A quasit (D:9)
  4 hounds
  A gnoll bouda (D:7)
  6 orc priests
  3 iguanas
  5 orc wizards
  A sleepcap (D:6)
  Ijyb (D:4)
  Natasha (twice) (D:2)
  8 gnolls
  7 adders
  2 white imps (D:7)
  A worm (D:5)
  39 orcs
  7 endoplasms
  3 giant cockroaches (D:3)
  6 goblins
  5 hobgoblins
  4 jackals (D:1)
  5 quokkas
  9 ball pythons
  5 bats
  2 frilled lizards
  8 kobolds
  3 rats
200 creatures vanquished.

Vanquished Creatures (others)
  2 orc wizards (D:7)
2 creatures vanquished.

Grand Total: 202 creatures vanquished

Notes
Turn   | Place    | Note
-------+----------+-------------------------------------------
     0 | D:1      | Chiseanne the Demonspawn Wanderer began the quest for the
                  | Orb.
     0 | D:1      | Chiseanne set off with the following items: a +0 club, a
                  | potion of berserk rage, a +0 robe, a wand of flame (7); and
                  | the following spells available to memorise: Foxfire, Kiss
                  | of Death, Summon Small Mammal, Summon Guardian Golem,
                  | Iskenderun's Mystic Blast.
     0 | D:1      | Reached XP level 1. HP: 15/15 MP: 3/3
   204 | D:1      | Reached skill level 2 in Fighting
   280 | D:1      | Gained mutation: A meltable shield of frost defends you.
                  | (SH +4) [demonic ancestry]
   280 | D:1      | Reached XP level 2. HP: 21/22 MP: 5/5
   356 | D:1      | Found a faded altar of an unknown god.
   625 | D:1      | Reached skill level 3 in Fighting
   628 | D:1      | Gained mutation: You regenerate a little health from kills.
                  | [demonic ancestry]
   628 | D:1      | Reached XP level 3. HP: 24/29 MP: 6/6
  1209 | D:1      | Identified a scroll of acquirement
  1257 | D:1      | Acquired a +6 broad axe of flaming
  1350 | D:2      | Found a sparkling altar of Nemelex Xobeh.
  1684 | D:2      | You fall into a shaft and drop 2 floors!
  1753 | D:4      | Found Jiegad's Distillery.
  1782 | D:3      | Noticed an ogre
  1915 | D:2      | Noticed Natasha
  1928 | D:2      | Killed Natasha
  1929 | D:2      | Reached skill level 1 in Axes
  1929 | D:2      | Gained mutation: You have a small tail. [demonic ancestry]
  1929 | D:2      | Reached XP level 4. HP: 30/37 MP: 7/7
  2024 | D:2      | Found a runed translucent door.
  2025 | D:2      | Noticed Crazy Yiuf
  2056 | D:2      | Noticed Natasha
  2062 | D:2      | Killed Natasha
  2205 | D:3      | Killed an ogre
  2206 | D:3      | Reached skill level 4 in Fighting
  2206 | D:3      | Gained mutation: You are partially covered in thin metallic
                  | scales. (AC +2) [demonic ancestry]
  2206 | D:3      | Reached XP level 5. HP: 43/43 MP: 8/8
  2853 | D:4      | Found a broken altar of Ashenzari.
  2883 | D:4      | Gained mutation: You are mostly covered in thin metallic
                  | scales. (AC +3) [demonic ancestry]
  2883 | D:4      | Reached XP level 6. HP: 50/50 MP: 9/9
  3239 | D:4      | Noticed Ijyb
  3243 | D:4      | Paralysed by Ijyb for 2 turns
  3248 | D:4      | Paralysed by Ijyb for 4 turns
  3255 | D:4      | Killed Ijyb
  3449 | D:5      | Entered Level 5 of the Dungeon
  3478 | D:5      | Found a hide-covered altar of Uskayaw.
  3485 | D:5      | Reached skill level 5 in Fighting
  3485 | D:5      | Reached skill level 1 in Armour
  3485 | D:5      | Reached skill level 1 in Dodging
  3534 | D:5      | Found a snail-covered altar of Cheibriados.
  3569 | D:5      | Found a staircase to the Ecumenical Temple.
  3739 | D:5      | Reached XP level 7. HP: 21/56 MP: 10/10
  3868 | D:5      | Found a shimmering blue altar of Sif Muna.
  4217 | Temple   | Entered the Ecumenical Temple
  4288 | Temple   | Became a worshipper of Makhleb the Destroyer
  4742 | D:6      | Reached skill level 6 in Fighting
  4742 | D:6      | Gained mutation: You regenerate health from kills. [demonic
                  | ancestry]
  4742 | D:6      | Reached XP level 8. HP: 22/64 MP: 11/11
  5379 | D:7      | Reached * piety under Makhleb
  5436 | D:7      | Noticed Joseph
  5447 | D:7      | Found Dopnioqy's Distillery.
  5454 | D:7      | Killed Joseph
  5455 | D:7      | Reached skill level 5 in Axes
  5474 | D:7      | Bought a potion of haste for 120 gold pieces
  5474 | D:7      | Bought a potion of might for 48 gold pieces
  5515 | D:7      | Found Vinkurghe's Antique Armour Emporium.
  5523 | D:7      | Reached skill level 7 in Fighting
  5523 | D:7      | Reached XP level 9. HP: 67/72 MP: 12/12
  5672 | D:7      | Reached ** piety under Makhleb
  5673 | D:7      | Reached skill level 5 in Armour
  5673 | D:7      | Reached skill level 5 in Dodging
  5829 | D:7      | Noticed Pikel
  5840 | D:7      | Killed Pikel
  6075 | D:8      | Reached skill level 8 in Fighting
  6404 | D:8      | Noticed an orange demon
  6404 | D:8      | Noticed Amaemon
  6555 | D:8      | Killed an orange demon
  6556 | D:8      | Reached XP level 10. HP: 37/80 MP: 13/13
  6738 | D:8      | Killed Amaemon
  7124 | D:8      | Found a stormy altar of Qazlal.
  7166 | D:9      | Noticed a two-headed ogre
  7263 | D:9      | Noticed an ice statue
  7314 | D:9      | Found a staircase to the Lair.
  7322 | D:9      | Noticed a smoke demon
  7322 | D:9      | Noticed Erolcha
  7327 | D:9      | Chiseanne: what is this shit ?
  7327 | D:9      | Chiseanne: full of demons you idiots
  7332 | D:9      | Killed a smoke demon
  7346 | D:9      | Killed Erolcha
  7557 | D:9      | Killed a two-headed ogre
  7558 | D:9      | Reached skill level 9 in Fighting
  7578 | D:9      | Noticed a boulder beetle
  7595 | D:9      | Killed a boulder beetle
  7717 | D:9      | Noticed an orange demon
  7717 | D:9      | Noticed a rust devil
  7724 | D:10     | Entered Level 10 of the Dungeon
  7725 | D:10     | Chiseanne: you suck so bad..unbelievable
  7745 | D:10     | Reached XP level 11. HP: 83/89 MP: 14/14
  7862 | D:10     | Found an opulent altar of Gozag.
  7863 | D:10     | Found a blossoming altar of Fedhas.
  7963 | D:10     | Reached *** piety under Makhleb
  8054 | D:10     | Noticed a two-headed ogre
  8072 | D:10     | Killed a two-headed ogre
  8107 | D:10     | Noticed an ice dragon
  8122 | D:10     | Killed an ice dragon
  8138 | D:10     | Noticed a green ugly thing
  8145 | D:10     | Noticed a centaur warrior
  8147 | D:10     | Killed a green ugly thing
  8152 | D:10     | Killed a centaur warrior
  8153 | D:10     | Reached skill level 10 in Fighting
  8184 | D:10     | Noticed an orc knight
  8190 | D:10     | Noticed a skeletal warrior
  8191 | D:10     | Chiseanne: what can I say..I am speechless about your
                  | idiocy
  8201 | D:10     | Mangled by a skeletal warrior

Illustrated notes

Levels and vault maps discovered:
D:1:      dpeg_cavernosity, layout_basic, serial_rivers,
          chequers_serial_rivers_micro_a, chequers_serial_rivers_small_a,
          chequers_serial_rivers_micro_a, chequers_serial_rivers_marsh,
          chequers_serial_rivers_room_a, chequers_serial_rivers_large_b,
          hellmonk_ecumenical_altar_run_dry
D:2:      layout_loops_ring, basic_altar, uniq_crazy_yiuf_cottage, uniq_natasha
D:3:      layout_loops_ring, dreamdust_princess_bridge
D:4:      nicolae_BIG_FREAKIN_CUBE, layout_loops_ring,
          nicolae_ashenzari_panopticon, serial_shops,
          nicolae_shop_industrial_runoff, uniq_ijyb
D:5:      layout_basic, mainiacjoe_overflow_brackets, slow_altar_1,
          mainiacjoe_overflow_chevrons, minmay_temple_entry_trees,
          corexii_leaking_fountain
D:6:      layout_layer_cave
D:7:      layout_basic, serial_shops, shop, shop, amcnicky_mini_pool_medium,
          uniq_joseph, uniq_pikel
D:8:      layout_cave_pods, minitemple, kennysheep_generic_room_5, uniq_amaemon
D:9:      minmay_separated_statues, layout_stronghold,
          mainiacjoe_overflow_boulevard, david_lair_shrubbed, serial_demonic,
          serial_demonic_d, serial_demonic_d, serial_demonic_f,
          serial_demonic_c, uniq_erolcha
D:10:     minmay_the_grid_net [minmay_the_grid_armoury, minmay_the_grid_gridbox,
          minmay_the_grid_garden, minmay_the_grid_tree,
          minmay_the_grid_dragon_b, minmay_the_grid_prize_inner_circle],
          layout_loops_corners, mainiacjoe_overflow_catwalk_spiral
Temple:   dshaligram_water_room_temple

Skill      XL: |  1  2  3  4  5  6  7  8  9 10 11 |
---------------+----------------------------------+-----
Fighting       | 2 3 4 5 6 7 8 9 10 | 10.0
Axes           | 1 2 3 4 5 6 7 8 |  8.6
Armour         | 1 3 4 5 7 |  7.9
Dodging        | 1 2 4 5 7 |  7.9
Spellcasting   | |  2.0
Conjurations   | |  3.0
Summonings     | |  1.0
Invocations    | |  1.2
Evocations     | |  2.0

Action                     |  1- 3 |  4- 6 |  7- 9 | 10-12 || total
---------------------------+-------+-------+-------+-------++-------
  Melee: Club              |    56 |       |       |       ||    56
         Short sword       |    56 |       |       |       ||    56
         Broad axe         |    13 |   108 |   155 |   121 ||   397
         Unarmed           |     4 |       |       |       ||     4
         Tailslap          |       |     7 |    24 |    13 ||    44
         Punch             |       |     1 |     1 |     2 ||     4
  Throw: Dart              |       |     2 |     7 |     6 ||    15
         Javelin           |       |       |       |     2 ||     2
         Throwing net      |       |       |       |     1 ||     1
         Boomerang         |       |       |       |     1 ||     1
    Use: Scroll            |     6 |     8 |     5 |     1 ||    20
         Potion            |     3 |       |       |    12 ||    15
   Stab: Invisible         |       |       |       |     2 ||     2
         Held in net/web   |       |       |       |     1 ||     1
 Armour: Ring mail         |    48 |    39 |   107 |    42 ||   236
  Dodge: Dodged            |    75 |    40 |   106 |    78 ||   299
  Block: Other             |    27 |    16 |    33 |    25 ||   101
